Map: Goldenaura LE

Players

tank - Winner!

  • Race: Terran Terran
  • League: Silver
  • Spawn Location: 5:00

ManlyManMeat

  • Race: Zerg Zerg
  • Spawn Location: 12:00

VOD

Have the link to the VOD?

Description

Time

  • Played on: Sept. 10, 2024, 7:01 a.m.
  • Length: 5:41
Show
View Real Time Build Order
Export as new Build Order

tank Terran - Winner!

Build Orders:  

Get SALT Encoding   

  12  0:05  SCV  
  13  0:17  SCV  
  13  0:21  Supply Depot  
  14  0:31  SCV  
  14  0:32  Supply Depot  
  15  0:51  SCV  
  15  0:54  Supply Depot  
  16  1:56  Supply Depot, Barracks  
  16  1:57  Barracks x3  
  16  2:12  SCV  
  17  2:44  Marine  
  17  2:45  Marine x3  
  21  3:02  Marine  
  21  3:03  Marine x3  
  25  3:20  Marine x2  
  25  3:21  Marine x2  
  29  3:37  Barracks  
  29  3:38  Marine x3  
  29  3:39  Marine, Supply Depot  
  29  3:40  Barracks  
  33  3:56  Marine x3  
  36  4:04  Marine  
  37  4:14  Marine x3  
  39  4:22  Marine  
  37  4:31  Marine  
  37  4:32  Marine  
  35  4:48  Marine x2  
  35  4:49  Marine x2  
  32  5:06  Marine x2  
  29  5:07  Marine  
  29  5:08  Marine  
Show
View Real Time Build Order
Export as new Build Order

ManlyManMeat Zerg 

Build Orders: Hatch First 

Get SALT Encoding   

  12  0:05  Drone  
  13  0:14  Drone  
  13  0:17  Overlord  
  14  0:42  Hatchery  
  13  0:45  Drone  
  14  0:53  Drone  
  14  0:54  Drone  
  16  0:59  Drone  
  17  1:15  Spawning Pool  
  16  1:19  Extractor, Drone  
  16  1:28  Drone  
  17  1:34  Drone  
  18  1:44  Drone  
  19  1:52  Drone  
  20  1:55  Drone  
  21  2:02  Queen x2  
  21  2:05  Drone  
  26  2:17  Overlord  
  26  2:23  Drone x2  
  28  2:38  Drone  
  28  2:39  Drone x3  
  32  2:58  Overlord  
  32  3:03  Drone x3  
  35  3:15  Drone  
  35  3:16  Drone  
  37  3:22  Drone x3  
  37  3:23  Drone x3  
  43  3:38  Extractor  
  43  3:40  Extractor  
  43  3:42  Extractor  
  43  3:47  Drone x2  
  44  3:50  Queen  
  44  3:55  Zergling x8  
  44  3:56  Zergling x2  
  44  3:57  Zergling x2  
  43  4:07  Zergling x4  
  44  4:11  Metabolic Boost  
  39  4:28  Queen  
  36  4:37  Zergling x2  
  36  4:38  Zergling x8  
  15  5:04  Queen, Drone  
  15  5:05  Drone x3  
  21  5:19  Zergling x2  
Tags
 
League
Silver
Matchup
TvZ
Spawn Locations
Cross Positions
Add a new tag
Caveats
  • Supply blocks, unpowered buildings, or Contaminate may cause inaccurate times.
  • Supply counts are checked every 10 seconds.